 Dungeon Crawl Stone Soup version 0.31-a0-152-g6aa68a64a1 (webtiles) character file.

Game seed: 6557384299660346480

175511 qw the Peltast (level 18, -14/114 HPs)
             Began as a Gargoyle Fighter on June 11, 2023.
             Was a High Priest of Okawaru.
             Killed from afar by a will-o-the-wisp (22 damage)
             ... with a foxfire
             ... on level 4 of the Swamp.
             The game lasted 00:15:27 (24230 turns).

qw the Peltast (Gargoyle Fighter)                  Turns: 24230, Time: 00:15:28

Health: -14/114    AC: 44    Str: 34    XL:     18   Next: 10%
Magic:  25/25      EV: 11    Int:  9    God:    Okawaru [*****.]
Gold:   442        SH: 21    Dex:  9    Spells: 17/17 levels left

rFire   . . .        n - +6 broad axe (venom)
rCold   . . .        G - +0 tower shield
rNeg    + . .        u - +0 plate armour
rPois   inf          x - +3 hat of the Shoals {Regen+}
rElec   +            j - +1 cloak
rCorr   .            k - +2 pair of gloves
SInv    +            y - +2 pair of boots
Will    +....        r - amulet of the acrobat Stlth
                     A - +6 ring of strength
HPRegen 1.19/turn    b - ring of see invisible
MPRegen 0.19/turn

%: acrobat
@: heroic, flying
A: sickness immunity, AC +13, big wings, negative energy resistance 1,
electricity resistance, torment resistance 1, petrification resistance, hooves
1, horns 1
a: Renounce Religion, Heroism, Finesse, Duel


You were on level 4 of the Swamp.
You worshipped Okawaru.
Okawaru was extremely pleased with you.
You visited 6 branches of the dungeon, and saw 30 of its levels.

You collected 2844 gold pieces.
You spent 2402 gold pieces at shops.


Innate Abilities, Weirdness & Mutations

You are immune to sickness and miasma.
Your stone body is resilient. (AC +13)
You are immune to poison.
Your large and strong wings let you fly.
You resist negative energy. (rN+)
You are resistant to electric shocks. (rElec)
You are resistant to unholy torment.
You are immune to petrification.
You have large cloven feet.
You have a pair of small horns on your head.


   Skills:
 - Level 13.0(18.0) Fighting
 + Level 17.2(22.2) Axes
 - Level 7.0(12.0) Throwing
 - Level 12.1(17.1) Armour
 - Level 3.6(8.6) Dodging
 - Level 17.4(22.4) Shields
 - Level 10.1 Invocations


You had 17 spell levels left.
You didn't know any spells.
Your spell library was empty.

Inventory:

Hand Weapons
 n - a +6 broad axe of venom (weapon)
 w - a +3 war axe of flaming
Missiles
 c - 18 boomerangs (quivered)
Armour
 j - a +1 cloak (worn)
 k - a +2 pair of gloves (worn)
 u - a +0 plate armour (worn)
 x - the +3 hat of the Shoals (worn) {Regen+}
   (You acquired it on level 9 of the Dungeon)

   Regen:     It increases your rate of health regeneration.
 y - a +2 pair of boots (worn)
 z - +0 fire dragon scales
 G - a +0 tower shield (worn)
Jewellery
 b - a ring of see invisible (right hand)
 e - a ring of resist corrosion
 i - an amulet of guardian spirit
 p - a ring of ice
 r - an amulet of the acrobat (around neck)
 s - a ring of resist corrosion
 A - a +6 ring of strength (left hand)
 D - a +6 ring of dexterity
 Y - a ring of willpower
Wands
 t - a wand of digging (6)
Scrolls
 f - 7 scrolls of identify
Potions
 a - 3 potions of lignification
 d - 5 potions of might
 g - 15 potions of curing
 l - 6 potions of mutation
 m - 3 potions of haste
 o - 9 potions of attraction
 q - 3 potions of cancellation
 v - 4 potions of resistance
 C - 2 potions of magic

Dungeon Overview and Level Annotations

Branches:
Dungeon (15/15)            Temple (1/1) D:4            Lair (5/5) D:10
  Swamp (4/4) Lair:2        Snake (3/4) Lair:2        Slime (0/5) Lair:4
    Orc (2/2) D:10            Elf (0/3) Orc:2        Vaults (0/5) D:13
 Depths (0/4) D:15

Altars:
Ashenzari
Cheibriados
Dithmenos
Elyvilon
Fedhas
Gozag
Hepliaklqana
Kikubaaqudgha
Makhleb
Nemelex Xobeh
Okawaru
Qazlal
Ru
Sif Muna
Trog
Uskayaw
Vehumet
Wu Jian
Xom
Yredelemnul
Zin
The Shining One
Jiyva

Shops:
D:10 *   D:12 *   D:15 *   Orc:2 (:[**   Snake:2 ((

Portals:
Trove: D:13 (give +6 demon blade)

Annotations:
D:11 3 runed translucent doors, Guaramm's ghost, journeyman KoBr
Lair:2 1 runed translucent door
Lair:5 2 runed translucent doors


Message History

You block the five-headed hydra zombie's attack.
The five-headed hydra zombie bites you but does no damage.
The vampire knight hits you from afar with a +0 glaive!!
You slash the swamp dragon!
The swamp dragon is heavily wounded.
You hit the five-headed hydra zombie. The foxfire hits you!
You block the swamp dragon's attack. The swamp dragon barely misses you.
You block the swamp dragon's attack. You block the vampire knight's attack.
You slash the swamp dragon!
The swamp dragon is heavily wounded.
You hack one of the five-headed hydra zombie's heads off!
You slash the four-headed hydra zombie!
You block the four-headed hydra zombie's attack. x2
The four-headed hydra zombie barely misses you.
The four-headed hydra zombie bites you but does no damage.
The swamp dragon breathes poison at you.
The blast of poison misses you. You block the vampire knight's attack.
You slice the swamp dragon!!
The swamp dragon looks as sick as possible!
You headbutt the swamp dragon, but do no damage.
The swamp dragon is almost dead.
You hack one of the four-headed hydra zombie's heads off!
You hit the three-headed hydra zombie.
The vampire knight hits you from afar with a +0 glaive.
The three-headed hydra zombie closely misses you.
You block the three-headed hydra zombie's attack.
The three-headed hydra zombie bites you but does no damage.
The will-o-the-wisp gestures.
The will-o-the-wisp conjures some foxfire!
You block the swamp dragon's attack. x2; The swamp dragon barely misses you. 2 foxfires come into view.
You slice the swamp dragon!!
You kill the swamp dragon!
Okawaru accepts your kill.
You slash the death drake zombie!
You lop one of the three-headed hydra zombie's heads off!
You slice the two-headed hydra zombie!! The foxfire hits you!!
You die...

.........7.~
~.~~.~7.~.~~~...~.~..
.~~~..77.~~~~~..~~..~
~~.~..~..~~~~~~~~~~~. 77
....~~~.~~~~~~~~~..~ ..~
77~~~~...~~~~~~~~|~~
.~~.7.0000.<.~~~~~~~~.~~
77..Z000.~~..~~~~..777
.~7¤vWZ@00%..~......77 7
7..v~v000~~..[777777
7..k¤V077(~~.77
......777777777 ...~.~
#7...# 7).# 7.¤~ #~¤


You could see a vampire knight (fast), a flayed ghost, a will-o-the-wisp, a
swamp drake, a two-headed hydra zombie and a death drake zombie.

Vanquished Creatures
  Jorgrun (Swamp:2)
  Gastronok (Lair:3)
  A fenstrider witch (Swamp:4)
  A frost giant (D:15)
  Louise (D:14)
  A ghoul (Swamp:4)
  An orc warlord (Orc:2)
  A vampire knight (Swamp:4)
  3 bunyips
  An eleionoma (Swamp:1)
  A fire dragon (D:14)
  Snorg (Lair:3)
  13 hydras
  4 vault guards (D:13)
  5 centaur warriors
  2 anacondas (Snake:3)
  A catoblepas (Lair:5)
  6 alligators
  3 boulder beetles
  5 naga warriors
  2 tengu warriors (D:15)
  11 death yaks
  3 two-headed ogres
  4 orc high priests
  A shock serpent (Snake:2)
  9 naga sharpshooters
  2 skysharks (Lair:5)
  7 skeletal warriors
  5 goliath frogs
  4 spriggan druids
  A flayed ghost (Swamp:4)
  11 swamp dragons
  3 bog bodies
  2 naga ritualists
  A wizard (D:15)
  A lindwurm (Lair:5)
  4 deep elf pyromancers
  4 spectral hydras (Swamp:4)
  3 orc knights (Orc:2)
  2 manticores
  4 cyclopes
  A salamander (Snake:3)
  5 mana vipers
  An oklob plant (D:9)
  6 orc sorcerers
  2 will-o-the-wisps
  A guardian serpent (Snake:3)
  6 elephants (Lair:2)
  17 black mambas
  A moth of wrath (shapeshifter) (D:13)
  4 ugly things
  4 torpor snails
  2 molten gargoyles (Lair:5)
  4 naga magi
  5 cane toads
  Psyche (D:8)
  2 gargoyles
  2 unseen horrors
  A freezing wraith (Swamp:4)
  4 kobold demonologists
  9 komodo dragons
  2 rime drakes
  An efreet (D:13)
  2 hydra zombies (Swamp:4)
  A bloated husk (Swamp:1)
  6 polar bears
  7 trolls
  8 tyrant leeches
  A hornet (shapeshifter) (D:15)
  5 hornets
  9 dream sheep
  19 blink frogs
  6 slime creatures
  5 spriggans
  A jumping spider (D:15)
  6 basilisks
  A shadow (D:5)
  50 yaks
  A vampire (D:10)
  4 wraiths
  A human (Lair:2)
  6 wyverns
  Menkaure (D:4)
  19 nagas
  4 wargs (D:10)
  4 redbacks (D:15)
  2 acid dragons
  5 hell hounds (Lair:5)
  15 swamp worms
  14 water moccasins
  5 swamp drakes
  Pargi (D:4)
  22 orc warriors
  2 black bears
  A meliai simulacrum (D:14)
  An ice beast (D:6)
  22 centaurs
  5 wolves (Lair:1)
  4 ogres
  2 phantoms
  3 kobold brigands
  7 bullfrogs
  A necrophage (Swamp:4)
  2 two-headed ogre simulacra (D:12)
  4 scorpions
  2 water moccasin zombies (D:4)
  9 wights
  19 killer bees
  An oklob sapling (D:9)
  3 howler monkeys
  A bullfrog zombie (D:4)
  5 lava snakes (Lair:5)
  25 orc priests
  A gnoll bouda (D:6)
  2 jellies
  4 hounds
  Jessica (D:2)
  7 iguanas
  20 orc wizards
  2 sleepcaps (D:5)
  Natasha (thrice) (D:4)
  3 troll simulacra (D:12)
  6 hell rats (Lair:3)
  3 hound zombies (D:4)
  2 hound skeletons (D:4)
  A howler monkey zombie (D:4)
  8 gnolls
  3 naga simulacra (D:12)
  6 adders
  A shadow imp (D:8)
  An ufetubus (D:6)
  4 adder zombies (D:4)
  An adder skeleton (D:4)
  61 orcs
  10 bats (D:1)
  5 endoplasms
  A giant cockroach (D:1)
  8 goblins
  7 hobgoblins
  3 jackals (D:5)
  14 kobolds
  3 quokkas
  9 ball pythons
  2 frilled lizards
  6 rats
776 creatures vanquished.

Vanquished Creatures (others)
  An orc priest (Orc:1)
  12 foxfires
13 creatures vanquished.

Grand Total: 789 creatures vanquished

Notes
Turn   | Place    | Note
-------+----------+-------------------------------------------
     0 | D:1      | qw the Gargoyle Fighter began the quest for the Orb.
     0 | D:1      | Reached XP level 1. HP: 14/14 MP: 1/1
     0 | D:1      | 0 ||| qw: Version: 0.2-a-29-gdad1ea2
     0 | D:1      | 0 ||| qw: Game counter: 4057
     0 | D:1      | 0 ||| qw: Always use a shield: true
     0 | D:1      | 0 ||| qw: God list: Okawaru
     0 | D:1      | 0 ||| qw: Allow faded altars: false
     0 | D:1      | 0 ||| qw: Do Orc after D:15 true
     0 | D:1      | 0 ||| qw: Do second Lair branch before Depths: true
     0 | D:1      | 0 ||| qw: Lair rune preference: random
     0 | D:1      | 0 ||| qw: Plans: Normal, Zot:1-4, Slime:5, God:TSO, Crypt,
                  | Tomb, Abyss, Pan, Hells, Win
     0 | D:1      | 0 ||| PLANNING D:1-11
   138 | D:1      | Reached XP level 2. HP: 19/19 MP: 2/2
   364 | D:1      | 364 ||| Stepping ~*~*~tactically~*~*~ (stealth).
   402 | D:1      | Reached skill level 3 in Axes
   559 | D:1      | 559 ||| Stepping ~*~*~tactically~*~*~ (stealth).
   560 | D:1      | 560 ||| Stepping ~*~*~tactically~*~*~ (stealth).
   562 | D:1      | 562 ||| Stepping ~*~*~tactically~*~*~ (stealth).
   563 | D:1      | 563 ||| Stepping ~*~*~tactically~*~*~ (stealth).
   569 | D:1      | Reached XP level 3. HP: 23/23 MP: 3/3
   584 | D:1      | Found a faded altar of an unknown god.
   816 | D:1      | 816 ||| UPGRADING to +0 cloak.
   821 | D:1      | 821 ||| READING 2 scrolls labelled BIKULO LISAQI.
   822 | D:1      | 822 ||| READING 2 scrolls labelled ENAROO SOOKI.
   823 | D:1      | 823 ||| READING scroll labelled BUIG OJADWONN.
   924 | D:1      | 924 ||| DROPPING scroll of amnesia.
   997 | D:2      | Noticed Jessica
  1006 | D:2      | 1006 ||| FLEEEEING.
  1007 | D:2      | 1007 ||| FLEEEEING.
  1008 | D:2      | 1008 ||| FLEEEEING.
  1011 | D:2      | Killed Jessica
  1012 | D:2      | Reached XP level 4. HP: 22/28 MP: 4/4
  1493 | D:2      | 1493 ||| DROPPING +0 whip.
  1513 | D:2      | Found a bloodstained altar of Trog.
  1514 | D:2      | 1514 ||| Stepping ~*~*~tactically~*~*~ (hiding).
  1718 | D:2      | 1718 ||| UPGRADING to +0 pair of gloves.
  1723 | D:2      | 1723 ||| UPGRADING to amulet of guardian spirit.
  1728 | D:2      | 1728 ||| READING scroll labelled VIGUVUK EGEATS.
  1733 | D:2      | 1733 ||| READING scroll labelled BIDUSE OTZE.
  1734 | D:2      | 1734 ||| DRINKING 2 smoky puce potions.
  1734 | D:2      | Gained mutation: You have large cloven feet. [potion of
                  | mutation]
  1734 | D:2      | Gained mutation: You have a pair of small horns on your
                  | head. [potion of mutation]
  2155 | D:3      | Found a broken altar of Ashenzari.
  2302 | D:3      | You fall into a shaft and drop 3 floors!
  2320 | D:6      | Reached XP level 5. HP: 32/32 MP: 5/5
  2427 | D:6      | Noticed an ice beast
  2442 | D:6      | Killed an ice beast
  2457 | D:6      | Reached XP level 6. HP: 26/37 MP: 6/6
  2473 | D:6      | HP: 9/37 [gnoll/+0 spear[a gnoll bouda] (3)]
  2591 | D:6      | 2591 ||| UPGRADING to ring of resist corrosion.
  2592 | D:6      | 2592 ||| DRINKING 2 puce potions.
  2593 | D:6      | 2593 ||| DROPPING potion of enlightenment.
  2602 | D:5      | Entered Level 5 of the Dungeon
  2619 | D:5      | Reached skill level 1 in Dodging
  2679 | D:5      | Noticed a black bear
  2687 | D:5      | HP: 9/38 [scorpion (4)]
  2689 | D:5      | Killed a black bear
  2690 | D:5      | Reached skill level 6 in Axes
  2690 | D:5      | Reached XP level 7. HP: 8/43 MP: 2/7
  2868 | D:5      | 2868 ||| READING scroll labelled TYAMMU ZUDUU.
  2868 | D:5      | Identified a scroll of acquirement
  2868 | D:5      | 2868 ||| ACQUIRING 599 gold pieces
  2868 | D:5      | Acquired 599 gold pieces
  2878 | D:4      | Noticed Menkaure
  2879 | D:4      | 2879 ||| Stepping ~*~*~tactically~*~*~ (hiding).
  2888 | D:4      | Killed Menkaure
  3220 | D:4      | Identified the +6 dagger of Etwy {heavy, Dex+8}
  3298 | D:4      | Reached XP level 8. HP: 48/49 MP: 6/8
  3347 | D:4      | Found a glowing golden altar of the Shining One.
  3358 | D:4      | 3358 ||| SWAPPING to +2 war axe of flaming.
  3359 | D:4      | 3359 ||| DROPPING +0 mace.
  3360 | D:4      | 3360 ||| DROPPING +0 war axe.
  3393 | D:4      | Noticed a wyvern
  3400 | D:4      | Killed a wyvern
  3443 | D:4      | Noticed Pargi
  3458 | D:4      | Killed Pargi
  3556 | D:4      | 3556 ||| Stepping ~*~*~tactically~*~*~ (stealth).
  3557 | D:4      | 3557 ||| Stepping ~*~*~tactically~*~*~ (stealth).
  3596 | D:4      | 3596 ||| Stepping ~*~*~tactically~*~*~ (stealth).
  3602 | D:4      | Reached skill level 6 in Fighting
  3602 | D:4      | 3602 ||| Stepping ~*~*~tactically~*~*~ (stealth).
  3607 | D:4      | 3607 ||| Stepping ~*~*~tactically~*~*~ (stealth).
  3608 | D:4      | 3608 ||| Stepping ~*~*~tactically~*~*~ (stealth).
  3610 | D:4      | 3610 ||| Stepping ~*~*~tactically~*~*~ (stealth).
  3631 | D:4      | 3631 ||| Stepping ~*~*~tactically~*~*~ (stealth).
  3640 | D:4      | Noticed Natasha
  3648 | D:4      | Killed Natasha
  3679 | D:4      | Noticed Natasha
  3680 | D:4      | 3680 ||| Stepping ~*~*~tactically~*~*~ (stealth).
  3681 | D:4      | 3681 ||| Stepping ~*~*~tactically~*~*~ (stealth).
  3682 | D:4      | 3682 ||| Stepping ~*~*~tactically~*~*~ (stealth).
  3683 | D:4      | 3683 ||| Stepping ~*~*~tactically~*~*~ (stealth).
  3688 | D:4      | Killed Natasha
  3690 | D:4      | 3690 ||| Stepping ~*~*~tactically~*~*~ (stealth).
  3746 | D:4      | Found a staircase to the Ecumenical Temple.
  3747 | D:4      | 3747 ||| PLANNING TEMPLE
  3784 | D:4      | Found an ancient bone altar of Kikubaaqudgha.
  3785 | D:4      | 3785 ||| UPGRADING to +0 chain mail.
  3795 | D:4      | 3795 ||| DROPPING +0 scale mail.
  3796 | D:4      | 3796 ||| UPGRADING to +6 ring of dexterity.
  3797 | D:4      | 3797 ||| READING scroll labelled VARA LUIROMO.
  3798 | D:4      | 3798 ||| READING scroll labelled ONICVUEMIN.
  3799 | D:4      | 3799 ||| READING 2 scrolls of identify.
  3799 | D:4      | 3799 ||| IDENTIFYING green potion
  3800 | D:4      | 3800 ||| DROPPING potion of berserk rage.
  3832 | Temple   | Entered the Ecumenical Temple
  4040 | Temple   | 4040 ||| PLANNING D:1-11
  4364 | D:4      | Noticed Natasha
  4369 | D:4      | Killed Natasha
  4370 | D:4      | Reached skill level 1 in Throwing
  4388 | D:4      | 4388 ||| READING scroll labelled SEC GUWUEW.
  4457 | D:5      | Noticed a shadow
  4464 | D:5      | Killed a shadow
  4484 | D:5      | 4484 ||| Stepping ~*~*~tactically~*~*~ (hiding).
  4489 | D:5      | Reached XP level 9. HP: 55/55 MP: 9/9
  4610 | D:5      | Identified the +3 scale mail of Music {Int+5 Dex-5}
  4633 | D:5      | Found a basalt altar of Yredelemnul.
  4647 | D:5      | 4647 ||| DROPPING +3 scale mail of Music {Int+5 Dex-5}.
  4671 | D:5      | Reached skill level 9 in Axes
  4723 | D:5      | 4723 ||| DRINKING 3 amethyst potions.
  4835 | D:5      | Found a sparkling altar of Nemelex Xobeh.
  5080 | D:5      | 5080 ||| READING scroll labelled MOT ABAMYMOTE.
  5081 | D:5      | 5081 ||| READING 2 scrolls of identify.
  5081 | D:5      | 5081 ||| IDENTIFYING bubbling red potion
  5082 | D:5      | 5082 ||| DROPPING potion of degeneration.
  5102 | D:6      | 5102 ||| Stepping ~*~*~tactically~*~*~ (stealth).
  5103 | D:6      | 5103 ||| Stepping ~*~*~tactically~*~*~ (stealth).
  5120 | D:6      | 5120 ||| Stepping ~*~*~tactically~*~*~ (stealth).
  5122 | D:6      | 5122 ||| Stepping ~*~*~tactically~*~*~ (hiding).
  5123 | D:6      | 5123 ||| Stepping ~*~*~tactically~*~*~ (hiding).
  5123 | D:6      | Found an iron altar of Okawaru.
  5124 | D:6      | 5124 ||| PLANNING OKAWARU WORSHIP
  5137 | D:6      | 5137 ||| Stepping ~*~*~tactically~*~*~ (stealth).
  5138 | D:6      | 5138 ||| Stepping ~*~*~tactically~*~*~ (stealth).
  5143 | D:6      | 5143 ||| Stepping ~*~*~tactically~*~*~ (stealth).
  5154 | D:6      | 5154 ||| Stepping ~*~*~tactically~*~*~ (stealth).
  5157 | D:6      | 5157 ||| Stepping ~*~*~tactically~*~*~ (stealth).
  5168 | D:6      | Became a worshipper of Warmaster Okawaru
  5168 | D:6      | 5168 ||| PLANNING D:1-11
  5169 | D:6      | 5169 ||| REMOVING amulet of guardian spirit.
  5188 | D:6      | 5188 ||| Stepping ~*~*~tactically~*~*~ (hiding).
  5189 | D:6      | 5189 ||| Stepping ~*~*~tactically~*~*~ (hiding).
  5192 | D:6      | 5192 ||| Stepping ~*~*~tactically~*~*~ (hiding).
  5540 | D:6      | 5540 ||| READING scroll labelled PIDWUU IFAXOU.
  5541 | D:6      | 5541 ||| READING scroll labelled YQEACHESAI.
  5542 | D:6      | 5542 ||| DRINKING 2 fuming yellow potions.
  5543 | D:6      | 5543 ||| DRINKING 2 purple potions.
  5544 | D:6      | 5544 ||| READING 2 scrolls of identify.
  5544 | D:6      | 5544 ||| IDENTIFYING fizzy silvery potion
  5639 | D:7      | 5639 ||| Stepping ~*~*~tactically~*~*~ (hiding).
  5640 | D:7      | 5640 ||| Stepping ~*~*~tactically~*~*~ (hiding).
  5810 | D:7      | 5810 ||| SWAPPING to +0 broad axe.
  5915 | D:7      | Found a blossoming altar of Fedhas.
  5977 | D:7      | Found a shimmering altar of Xom.
  6319 | D:8      | Reached * piety under Okawaru
  6320 | D:8      | 6320 ||| INVOKING Heroism.
  6473 | D:8      | Noticed Psyche
  6483 | D:8      | Paralysed by Psyche for 3 turns
  6487 | D:8      | Killed Psyche
  6564 | D:8      | Reached skill level 1 in Invocations
  6612 | D:8      | 6612 ||| INVOKING Heroism.
  6847 | D:8      | 6847 ||| Stepping ~*~*~tactically~*~*~ (stealth).
  6848 | D:8      | 6848 ||| INVOKING Heroism.
  6855 | D:8      | Reached XP level 10. HP: 63/63 MP: 8/11
  6891 | D:8      | Found a burning altar of Makhleb.
  6969 | D:8      | 6969 ||| READING scroll labelled NEALISSACITZ.
  6970 | D:8      | 6970 ||| READING scroll labelled JOEKEQ JOEXT.
  7018 | D:9      | Found an ornate altar of the Wu Jian Council.
  7074 | D:9      | 7074 ||| Stepping ~*~*~tactically~*~*~ (stealth).
  7075 | D:9      | 7075 ||| Stepping ~*~*~tactically~*~*~ (stealth).
  7076 | D:9      | 7076 ||| Stepping ~*~*~tactically~*~*~ (stealth).
  7077 | D:9      | 7077 ||| Stepping ~*~*~tactically~*~*~ (stealth).
  7138 | D:9      | 7138 ||| Stepping ~*~*~tactically~*~*~ (stealth).
  7152 | D:9      | Reached skill level 3 in Invocations
  7207 | D:9      | Reached ** piety under Okawaru
  7276 | D:9      | 7276 ||| Stepping ~*~*~tactically~*~*~ (stealth).
  7425 | D:9      | 7425 ||| INVOKING Heroism.
  7558 | D:9      | 7558 ||| READING scroll of acquirement.
  7558 | D:9      | 7558 ||| ACQUIRING +3 hat of the Shoals {Regen+}
  7558 | D:9      | Acquired the +3 hat of the Shoals {Regen+}
  7560 | D:9      | 7560 ||| UPGRADING to +3 hat of the Shoals {Regen+}.
  7685 | D:9      | Noticed a kobold demonologist
  7685 | D:9      | Noticed a kobold demonologist
  7688 | D:9      | Noticed a sun demon
  7688 | D:9      | 7688 ||| INVOKING Heroism.
  7692 | D:9      | Killed a kobold demonologist
  7694 | D:9      | Noticed a soul eater
  7699 | D:9      | Killed a kobold demonologist
  7759 | D:9      | 7759 ||| Stepping ~*~*~tactically~*~*~ (stealth).
  7762 | D:9      | 7762 ||| Stepping ~*~*~tactically~*~*~ (hiding).
  7764 | D:9      | 7764 ||| Stepping ~*~*~tactically~*~*~ (hiding).
  7777 | D:9      | 7777 ||| Stepping ~*~*~tactically~*~*~ (stealth).
  7779 | D:9      | 7779 ||| Stepping ~*~*~tactically~*~*~ (stealth).
  7781 | D:9      | 7781 ||| INVOKING Heroism.
  8024 | D:9      | 8024 ||| INVOKING Heroism.
  8040 | D:9      | Noticed an oklob plant
  8041 | D:9      | 8041 ||| INVOKING Heroism.
  8042 | D:9      | 8042 ||| READING 2 scrolls labelled QOL AT OGG.
  8043 | D:9      | 8043 ||| READING scroll of enchant armour.
  8043 | D:9      | 8043 ||| ENCHANTING +0 pair of gloves.
  8045 | D:9      | 8045 ||| Stepping ~*~*~tactically~*~*~ (water).
  8047 | D:9      | 8047 ||| Stepping ~*~*~tactically~*~*~ (water).
  8049 | D:9      | 8049 ||| Stepping ~*~*~tactically~*~*~ (water).
  8051 | D:9      | 8051 ||| Stepping ~*~*~tactically~*~*~ (water).
  8053 | D:9      | 8053 ||| Stepping ~*~*~tactically~*~*~ (water).
  8055 | D:9      | 8055 ||| Stepping ~*~*~tactically~*~*~ (water).
  8057 | D:9      | 8057 ||| Stepping ~*~*~tactically~*~*~ (water).
  8059 | D:9      | 8059 ||| Stepping ~*~*~tactically~*~*~ (water).
  8060 | D:9      | 8060 ||| INVOKING Heroism.
  8062 | D:9      | 8062 ||| Stepping ~*~*~tactically~*~*~ (water).
  8064 | D:9      | 8064 ||| Stepping ~*~*~tactically~*~*~ (water).
  8066 | D:9      | 8066 ||| Stepping ~*~*~tactically~*~*~ (water).
  8068 | D:9      | 8068 ||| Stepping ~*~*~tactically~*~*~ (water).
  8070 | D:9      | 8070 ||| Stepping ~*~*~tactically~*~*~ (water).
  8072 | D:9      | 8072 ||| Stepping ~*~*~tactically~*~*~ (water).
  8074 | D:9      | 8074 ||| Stepping ~*~*~tactically~*~*~ (water).
  8076 | D:9      | 8076 ||| Stepping ~*~*~tactically~*~*~ (water).
  8078 | D:9      | 8078 ||| Stepping ~*~*~tactically~*~*~ (water).
  8080 | D:9      | 8080 ||| Stepping ~*~*~tactically~*~*~ (water).
  8082 | D:9      | 8082 ||| Stepping ~*~*~tactically~*~*~ (water).
  8083 | D:9      | 8083 ||| FLEEEEING.
  8183 | D:9      | Reached skill level 6 in Armour
  8199 | D:9      | 8199 ||| INVOKING Heroism.
  8211 | D:9      | Killed an oklob plant
  8212 | D:9      | Reached skill level 3 in Dodging
  8380 | D:9      | 8380 ||| Stepping ~*~*~tactically~*~*~ (stealth).
  8407 | D:10     | Entered Level 10 of the Dungeon
  8430 | D:10     | Reached XP level 11. HP: 66/69 MP: 14/14
  8435 | D:10     | Found a staircase to the Orcish Mines.
  8509 | D:10     | Reached skill level 9 in Fighting
  8512 | D:10     | 8512 ||| Stepping ~*~*~tactically~*~*~ (stealth).
  8543 | D:10     | 8543 ||| Stepping ~*~*~tactically~*~*~ (hiding).
  8545 | D:10     | 8545 ||| Stepping ~*~*~tactically~*~*~ (hiding).
  8546 | D:10     | 8546 ||| Stepping ~*~*~tactically~*~*~ (hiding).
  8547 | D:10     | 8547 ||| Stepping ~*~*~tactically~*~*~ (hiding).
  8559 | D:10     | Reached *** piety under Okawaru
  8574 | D:10     | 8574 ||| Stepping ~*~*~tactically~*~*~ (stealth).
  8576 | D:10     | 8576 ||| Stepping ~*~*~tactically~*~*~ (hiding).
  8630 | D:10     | Noticed a two-headed ogre
  8631 | D:10     | 8631 ||| INVOKING Heroism.
  8636 | D:10     | Killed a two-headed ogre
  8686 | D:10     | Found a staircase to the Lair.
  8704 | D:10     | Found Kegru's Assorted Antiques.
  8714 | D:10     | 8714 ||| BUYING potion of curing (96 gold).
  8714 | D:10     | Bought a potion of curing for 96 gold pieces
  8714 | D:10     | 8714 ||| BUYING scroll of enchant armour (240 gold).
  8714 | D:10     | Bought a scroll of enchant armour for 240 gold pieces
  8714 | D:10     | 8714 ||| BUYING scroll of enchant armour (240 gold).
  8714 | D:10     | Bought a scroll of enchant armour for 240 gold pieces
  8714 | D:10     | 8714 ||| BUYING scroll of identify (64 gold).
  8714 | D:10     | Bought a scroll of identify for 64 gold pieces
  8714 | D:10     | 8714 ||| READING 2 scrolls of enchant armour.
  8714 | D:10     | 8714 ||| ENCHANTING +1 pair of gloves.
  8715 | D:10     | 8715 ||| READING scroll of enchant armour.
  8715 | D:10     | 8715 ||| ENCHANTING +0 cloak.
  8773 | D:10     | 8773 ||| INVOKING Heroism.
  8902 | D:10     | 8902 ||| Stepping ~*~*~tactically~*~*~ (stealth).
  8904 | D:10     | Noticed a two-headed ogre
  8905 | D:10     | 8905 ||| INVOKING Heroism.
  8917 | D:10     | Reached skill level 12 in Axes
  8922 | D:10     | 8922 ||| INVOKING Heroism.
  8924 | D:10     | Killed a two-headed ogre
  8925 | D:10     | Reached skill level 6 in Shields
  8987 | D:10     | 8987 ||| Stepping ~*~*~tactically~*~*~ (hiding).
  9134 | D:10     | 9134 ||| INVOKING Heroism.
  9281 | D:10     | 9281 ||| PLANNING LAIR
  9281 | D:10     | 9281 ||| DROPPING +2 pair of gloves.
  9282 | D:10     | 9282 ||| UPGRADING to +0 pair of boots.
  9287 | D:10     | 9287 ||| READING 3 scrolls of identify.
  9287 | D:10     | 9287 ||| IDENTIFYING silvery potion
  9288 | D:10     | 9288 ||| READING 2 scrolls of identify.
  9288 | D:10     | 9288 ||| IDENTIFYING fizzy brown potion
  9289 | D:10     | 9289 ||| DROPPING potion of ambrosia.
  9330 | Lair:1   | Entered Level 1 of the Lair of Beasts
  9344 | Lair:1   | 9344 ||| Stepping ~*~*~tactically~*~*~ (stealth).
  9433 | Lair:1   | 9433 ||| Stepping ~*~*~tactically~*~*~ (stealth).
  9434 | Lair:1   | 9434 ||| Stepping ~*~*~tactically~*~*~ (stealth).
  9435 | Lair:1   | 9435 ||| INVOKING Heroism.
  9438 | Lair:1   | 9438 ||| Stepping ~*~*~tactically~*~*~ (hiding).
  9461 | Lair:1   | 9461 ||| Stepping ~*~*~tactically~*~*~ (stealth).
  9469 | Lair:1   | Received a gift from Okawaru
  9471 | Lair:1   | 9471 ||| INVOKING Heroism.
  9501 | Lair:1   | 9501 ||| INVOKING Heroism.
  9538 | Lair:1   | 9538 ||| Stepping ~*~*~tactically~*~*~ (stealth).
  9554 | Lair:1   | Reached **** piety under Okawaru
  9556 | Lair:1   | 9556 ||| INVOKING Heroism.
  9559 | Lair:1   | Reached XP level 12. HP: 48/77 MP: 12/15
  9817 | Lair:1   | 9817 ||| INVOKING Heroism.
  9820 | Lair:1   | 9820 ||| Stepping ~*~*~tactically~*~*~ (stealth).
  9888 | Lair:1   | 9888 ||| READING scroll of enchant weapon.
  9888 | Lair:1   | 9888 ||| ENCHANTING +0 broad axe.
  9907 | Lair:1   | Noticed a six-headed hydra
  9908 | Lair:1   | 9908 ||| INVOKING Heroism.
  9914 | Lair:1   | 9914 ||| SWAPPING to +3 war axe of flaming.
  9918 | Lair:1   | Killed a two-headed hydra
  9919 | Lair:1   | 9919 ||| SWAPPING to +1 broad axe.
 10016 | Lair:1   | 10016 ||| INVOKING Heroism.
 10141 | Lair:1   | 10141 ||| UPGRADING to +0 plate armour.
 10151 | Lair:1   | 10151 ||| DROPPING +0 chain mail.
 10152 | Lair:1   | 10152 ||| UPGRADING to ring of see invisible.
 10168 | Lair:2   | 10168 ||| INVOKING Heroism.
 10171 | Lair:2   | 10171 ||| Stepping ~*~*~tactically~*~*~ (stealth).
 10188 | Lair:2   | Reached skill level 6 in Invocations
 10237 | Lair:2   | 10237 ||| INVOKING Heroism.
 10254 | Lair:2   | Reached skill level 9 in Armour
 10273 | Lair:2   | 10273 ||| INVOKING Heroism.
 10325 | Lair:2   | 10325 ||| INVOKING Heroism.
 10423 | Lair:2   | You fall into a shaft and drop 2 floors!
 10423 | Lair:4   | Noticed a death yak
 10423 | Lair:4   | Noticed a death yak
 10423 | Lair:4   | Noticed a death yak
 10423 | Lair:4   | Noticed a death yak
 10423 | Lair:4   | Noticed a death yak
 10424 | Lair:4   | 10424 ||| INVOKING Heroism.
 10424 | Lair:4   | Noticed a death yak
 10433 | Lair:4   | Killed a death yak
 10440 | Lair:4   | Killed a death yak
 10440 | Lair:4   | Reached ***** piety under Okawaru
 10441 | Lair:4   | 10441 ||| INVOKING Finesse.
 10442 | Lair:4   | 10442 ||| INVOKING Heroism.
 10443 | Lair:4   | Killed a death yak
 10445 | Lair:4   | Killed a death yak
 10446 | Lair:4   | Reached XP level 13. HP: 25/82 MP: 10/19
 10448 | Lair:4   | HP: 19/82 [death yak (7)]
 10448 | Lair:4   | HP: 1/82 [death yak (18)]
 10449 | Lair:4   | 10449 ||| READING 3 scrolls of teleportation.
 10450 | Lair:4   | 10450 ||| DRINKING potion of heal wounds.
 10452 | Lair:4   | Reached skill level 9 in Invocations
 10571 | Lair:3   | 10571 ||| INVOKING Heroism.
 10575 | Lair:3   | Received a gift from Okawaru
 10660 | Lair:3   | Noticed Gastronok
 10661 | Lair:3   | 10661 ||| INVOKING Heroism.
 10677 | Lair:3   | Killed Gastronok
 10683 | Lair:3   | Received a gift from Okawaru
 10730 | Lair:2   | 10730 ||| INVOKING Heroism.
 10731 | Lair:2   | 10731 ||| SWAPPING to +3 war axe of flaming.
 10745 | Lair:2   | 10745 ||| SWAPPING to +1 broad axe.
 10901 | Lair:2   | 10901 ||| Stepping ~*~*~tactically~*~*~ (stealth).
 10902 | Lair:2   | 10902 ||| INVOKING Heroism.
 10921 | Lair:2   | 10921 ||| Stepping ~*~*~tactically~*~*~ (stealth).
 10994 | Lair:2   | 10994 ||| Stepping ~*~*~tactically~*~*~ (hiding).
 10995 | Lair:2   | 10995 ||| Stepping ~*~*~tactically~*~*~ (hiding).
 11008 | Lair:2   | Reached skill level 3 in Throwing
 11008 | Lair:2   | Found a staircase to the Snake Pit.
 11064 | Lair:2   | Found a staircase to the Swamp.
 11121 | Lair:2   | 11121 ||| Stepping ~*~*~tactically~*~*~ (hiding).
 11231 | Lair:2   | Found a runed translucent door.
 11240 | Lair:2   | Noticed a reaper
 11552 | Lair:2   | 11552 ||| DRINKING 3 orange potions.
 11553 | Lair:2   | 11553 ||| READING 2 scrolls of identify.
 11553 | Lair:2   | 11553 ||| IDENTIFYING murky clear potion
 11554 | Lair:2   | 11554 ||| DROPPING potion of invisibility.
 11572 | Lair:3   | 11572 ||| INVOKING Heroism.
 11573 | Lair:3   | Noticed Snorg
 11574 | Lair:3   | 11574 ||| INVOKING Finesse.
 11599 | Lair:3   | Killed Snorg
 11820 | Lair:3   | 11820 ||| INVOKING Heroism.
 12208 | Lair:4   | 12208 ||| INVOKING Heroism.
 12209 | Lair:4   | 12209 ||| INVOKING Finesse.
 12210 | Lair:4   | 12210 ||| INVOKING Finesse.
 12212 | Lair:4   | 12212 ||| SWAPPING to +3 war axe of flaming.
 12217 | Lair:4   | 12217 ||| SWAPPING to +1 broad axe.
 12266 | Lair:4   | 12266 ||| READING scroll of enchant weapon.
 12266 | Lair:4   | 12266 ||| ENCHANTING +1 broad axe.
 12336 | Lair:4   | 12336 ||| FLEEEEING.
 12337 | Lair:4   | 12337 ||| FLEEEEING.
 12338 | Lair:4   | 12338 ||| STAIRDANCE
 12342 | Lair:4   | 12342 ||| STAIRDANCE
 12346 | Lair:4   | 12346 ||| STAIRDANCE
 12348 | Lair:3   | 12348 ||| INVOKING Heroism.
 12367 | Lair:4   | 12367 ||| SWAPPING to +3 war axe of flaming.
 12376 | Lair:4   | 12376 ||| SWAPPING to +2 broad axe.
 12408 | Lair:4   | 12408 ||| INVOKING Heroism.
 12441 | Lair:4   | 12441 ||| INVOKING Heroism.
 12489 | Lair:4   | 12489 ||| INVOKING Heroism.
 12514 | Lair:4   | Identified the +9 morningstar of Fofonk {distort, rC-
                  | Dex+8}
 12573 | Lair:4   | Found a viscous altar of Jiyva.
 12574 | Lair:4   | Found a staircase to the Slime Pits.
 12805 | Lair:4   | 12805 ||| UPGRADING to ring of willpower.
 12831 | Lair:5   | Entered Level 5 of the Lair of Beasts
 12832 | Lair:5   | 12832 ||| INVOKING Heroism.
 12833 | Lair:5   | 12833 ||| SWAPPING to +3 war axe of flaming.
 12843 | Lair:5   | 12843 ||| SWAPPING to +2 broad axe.
 12909 | Lair:5   | 12909 ||| Stepping ~*~*~tactically~*~*~ (stealth).
 12911 | Lair:5   | 12911 ||| INVOKING Heroism.
 12946 | Lair:5   | Received a gift from Okawaru
 12947 | Lair:5   | Gained mutation: Your large and strong wings let you fly.
                  | [Gargoyle growth]
 12947 | Lair:5   | Reached XP level 14. HP: 72/90 MP: 21/21
 13094 | Lair:5   | 13094 ||| Stepping ~*~*~tactically~*~*~ (stealth).
 13100 | Lair:5   | 13100 ||| INVOKING Heroism.
 13111 | Lair:5   | 13111 ||| INVOKING Finesse.
 13134 | Lair:5   | Reached skill level 15 in Axes
 13140 | Lair:5   | 13140 ||| Stepping ~*~*~tactically~*~*~ (hiding).
 13153 | Lair:5   | 13153 ||| INVOKING Heroism.
 13155 | Lair:5   | 13155 ||| Stepping ~*~*~tactically~*~*~ (stealth).
 13266 | Lair:5   | 13266 ||| Stepping ~*~*~tactically~*~*~ (stealth).
 13274 | Lair:5   | 13274 ||| INVOKING Heroism.
 13283 | Lair:5   | 13283 ||| INVOKING Finesse.
 13284 | Lair:5   | HP: 7/90 [lindwurm/blast of flame (35)]
 13285 | Lair:5   | 13285 ||| READING 2 scrolls of teleportation.
 13286 | Lair:5   | 13286 ||| DRINKING potion of heal wounds.
 13287 | Lair:5   | 13287 ||| SWAPPING to +3 war axe of flaming.
 13290 | Lair:5   | 13290 ||| SWAPPING to +2 broad axe.
 13291 | Lair:5   | Found a large runed translucent door.
 13291 | Lair:5   | Found a large runed translucent door.
 13292 | Lair:5   | 13292 ||| READING scroll of teleportation.
 13334 | Lair:5   | 13334 ||| INVOKING Heroism.
 13341 | Lair:5   | Received a gift from Okawaru
 13350 | Lair:5   | 13350 ||| Stepping ~*~*~tactically~*~*~ (stealth).
 13417 | Lair:5   | 13417 ||| Stepping ~*~*~tactically~*~*~ (hiding).
 13418 | Lair:5   | 13418 ||| Stepping ~*~*~tactically~*~*~ (stealth).
 13419 | Lair:5   | 13419 ||| Stepping ~*~*~tactically~*~*~ (stealth).
 13420 | Lair:5   | 13420 ||| Stepping ~*~*~tactically~*~*~ (hiding).
 13470 | Lair:5   | 13470 ||| Stepping ~*~*~tactically~*~*~ (stealth).
 13496 | Lair:5   | 13496 ||| INVOKING Heroism.
 13497 | Lair:5   | 13497 ||| SWAPPING to +3 war axe of flaming.
 13503 | Lair:5   | 13503 ||| SWAPPING to +2 broad axe.
 13520 | Lair:5   | 13520 ||| Stepping ~*~*~tactically~*~*~ (stealth).
 14238 | Lair:5   | 14238 ||| PLANNING D:1-11
 14421 | D:11     | 14421 ||| INVOKING Heroism.
 14422 | D:11     | 14422 ||| INVOKING Finesse.
 14427 | D:11     | Reached skill level 12 in Fighting
 14480 | D:11     | Found a runed translucent gate.
 14480 | D:11     | Found a runed translucent gate.
 14480 | D:11     | Found a runed translucent gate.
 14482 | D:11     | Noticed Guaramm's ghost (journeyman KoBr)
 14540 | D:11     | 14540 ||| Stepping ~*~*~tactically~*~*~ (hiding).
 14560 | D:11     | Reached skill level 6 in Throwing
 14600 | D:11     | 14600 ||| READING scroll of enchant armour.
 14600 | D:11     | 14600 ||| ENCHANTING +0 pair of boots.
 14703 | D:11     | 14703 ||| INVOKING Heroism.
 14704 | D:11     | 14704 ||| INVOKING Finesse.
 14769 | D:11     | Found a bloodstained altar of Trog.
 15160 | D:11     | 15160 ||| PLANNING D
 15201 | D:12     | 15201 ||| READING scroll of enchant weapon.
 15201 | D:12     | 15201 ||| ENCHANTING +2 broad axe.
 15261 | D:12     | 15261 ||| INVOKING Heroism.
 15340 | D:12     | 15340 ||| INVOKING Heroism.
 15341 | D:12     | 15341 ||| INVOKING Finesse.
 15353 | D:12     | Received a gift from Okawaru
 15453 | D:12     | Found Mufrits's Changing Room.
 15465 | D:12     | 15465 ||| BUYING potion of mutation (96 gold).
 15465 | D:12     | Bought a potion of mutation for 96 gold pieces
 15465 | D:12     | 15465 ||| BUYING potion of mutation (96 gold).
 15465 | D:12     | Bought a potion of mutation for 96 gold pieces
 15679 | D:12     | 15679 ||| FLEEEEING.
 15680 | D:12     | 15680 ||| FLEEEEING.
 15724 | D:12     | Found a frozen archway.
 15813 | D:12     | Found a glowing golden altar of the Shining One.
 15857 | D:12     | 15857 ||| DROPPING orb of wrath.
 15858 | D:12     | 15858 ||| READING 5 scrolls of identify.
 15858 | D:12     | 15858 ||| IDENTIFYING murky green potion
 15929 | D:13     | 15929 ||| Stepping ~*~*~tactically~*~*~ (hiding).
 15998 | D:13     | 15998 ||| INVOKING Heroism.
 16005 | D:13     | Received a gift from Okawaru
 16126 | D:13     | Reached XP level 15. HP: 96/96 MP: 22/22
 16145 | D:13     | Found a gate to the Vaults.
 16149 | D:13     | 16149 ||| INVOKING Heroism.
 16160 | D:13     | HP: 19/96 [vault guard/+0 great mace (15)]
 16161 | D:13     | 16161 ||| READING scroll of teleportation.
 16162 | D:13     | 16162 ||| DRINKING potion of heal wounds.
 16249 | D:13     | 16249 ||| INVOKING Heroism.
 16285 | D:13     | Found a portal to a secret trove of treasure.
 16511 | D:13     | 16511 ||| Stepping ~*~*~tactically~*~*~ (stealth).
 16517 | D:13     | 16517 ||| Stepping ~*~*~tactically~*~*~ (stealth).
 16541 | D:13     | 16541 ||| Stepping ~*~*~tactically~*~*~ (hiding).
 16621 | D:13     | 16621 ||| Stepping ~*~*~tactically~*~*~ (stealth).
 16632 | D:13     | Reached skill level 12 in Armour
 16724 | D:13     | 16724 ||| READING 4 scrolls of identify.
 16724 | D:13     | 16724 ||| IDENTIFYING viscous ruby potion
 16765 | D:14     | 16765 ||| Stepping ~*~*~tactically~*~*~ (hiding).
 16769 | D:14     | 16769 ||| INVOKING Heroism.
 16817 | D:14     | 16817 ||| READING scroll of enchant armour.
 16817 | D:14     | 16817 ||| ENCHANTING +1 pair of boots.
 16884 | D:14     | 16884 ||| INVOKING Heroism.
 16916 | D:14     | HP: 22/96 [skeletal warrior/+0 glaive (13)]
 16994 | D:14     | 16994 ||| Stepping ~*~*~tactically~*~*~ (hiding).
 17107 | D:14     | 17107 ||| Stepping ~*~*~tactically~*~*~ (hiding).
 17109 | D:14     | 17109 ||| Stepping ~*~*~tactically~*~*~ (hiding).
 17110 | D:14     | 17110 ||| Stepping ~*~*~tactically~*~*~ (hiding).
 17191 | D:14     | Noticed Louise
 17192 | D:14     | 17192 ||| INVOKING Heroism.
 17193 | D:14     | 17193 ||| INVOKING Finesse.
 17213 | D:14     | Killed Louise
 17429 | D:14     | Received a gift from Okawaru
 17460 | D:14     | 17460 ||| UPGRADING to +0 tower shield.
 17470 | D:14     | 17470 ||| DROPPING +0 buckler.
 17471 | D:14     | 17471 ||| READING scroll labelled GYBIODGH BIVIA.
 17472 | D:14     | 17472 ||| DRINKING 2 golden potions.
 17473 | D:14     | 17473 ||| DRINKING potion of experience.
 17473 | D:14     | Reached XP level 16. HP: 101/101 MP: 23/23
 17474 | D:14     | 17474 ||| DROPPING potion of brilliance.
 17482 | D:15     | Entered Level 15 of the Dungeon
 17510 | D:15     | 17510 ||| Stepping ~*~*~tactically~*~*~ (stealth).
 17595 | D:15     | 17595 ||| Stepping ~*~*~tactically~*~*~ (hiding).
 17597 | D:15     | 17597 ||| Stepping ~*~*~tactically~*~*~ (hiding).
 17611 | D:15     | Found a staircase to the Depths.
 17612 | D:15     | 17612 ||| INVOKING Heroism.
 17613 | D:15     | 17613 ||| INVOKING Finesse.
 17674 | D:15     | Received a gift from Okawaru
 17742 | D:15     | 17742 ||| INVOKING Heroism.
 17743 | D:15     | 17743 ||| INVOKING Finesse.
 17749 | D:15     | 17749 ||| SWAPPING to +3 war axe of flaming.
 17757 | D:15     | 17757 ||| SWAPPING to +3 broad axe of venom.
 17792 | D:15     | Received a gift from Okawaru
 17989 | D:15     | Found Siorum's Assorted Antiques.
 17997 | D:15     | 17997 ||| BUYING 2 potions of resistance (600 gold).
 17997 | D:15     | Bought 2 potions of resistance for 600 gold pieces
 17997 | D:15     | 17997 ||| BUYING 3 scrolls of identify (180 gold).
 17997 | D:15     | Bought 3 scrolls of identify for 180 gold pieces
 17997 | D:15     | 17997 ||| BUYING potion of heal wounds (150 gold).
 17997 | D:15     | Bought a potion of heal wounds for 150 gold pieces
 17997 | D:15     | 17997 ||| BUYING scroll labelled IBANAD JEAGIKK (30 gold).
 17997 | D:15     | Bought a scroll labelled IBANAD JEAGIKK for 30 gold pieces
 17997 | D:15     | 17997 ||| BUYING scroll of teleportation (90 gold).
 17997 | D:15     | Bought a scroll of teleportation for 90 gold pieces
 18147 | D:15     | 18147 ||| Stepping ~*~*~tactically~*~*~ (stealth).
 18178 | D:15     | Reached skill level 12 in Shields
 18185 | D:15     | Found a hide-covered altar of Uskayaw.
 18299 | D:15     | 18299 ||| PLANNING ORC
 18299 | D:15     | 18299 ||| READING scroll labelled IBANAD JEAGIKK.
 18421 | Orc:1    | Entered Level 1 of the Orcish Mines
 18486 | Orc:2    | Entered Level 2 of the Orcish Mines
 18495 | Orc:1    | 18495 ||| INVOKING Heroism.
 18670 | Orc:2    | 18670 ||| Stepping ~*~*~tactically~*~*~ (stealth).
 18671 | Orc:2    | 18671 ||| Stepping ~*~*~tactically~*~*~ (stealth).
 18672 | Orc:2    | 18672 ||| Stepping ~*~*~tactically~*~*~ (stealth).
 18721 | Orc:2    | Found a staircase to the Elven Halls.
 18761 | Orc:2    | Found Nathriv's Assorted Antiques.
 18772 | Orc:1    | 18772 ||| INVOKING Heroism.
 18885 | Orc:2    | 18885 ||| BUYING glowing sapphire ring (135 gold).
 18885 | Orc:2    | Bought a glowing sapphire ring for 135 gold pieces
 18885 | Orc:2    | 18885 ||| BUYING potion of attraction (81 gold).
 18885 | Orc:2    | Bought a potion of attraction for 81 gold pieces
 19000 | Orc:2    | 19000 ||| Stepping ~*~*~tactically~*~*~ (stealth).
 19002 | Orc:2    | 19002 ||| Stepping ~*~*~tactically~*~*~ (hiding).
 19003 | Orc:2    | 19003 ||| Stepping ~*~*~tactically~*~*~ (stealth).
 19018 | Orc:2    | 19018 ||| Stepping ~*~*~tactically~*~*~ (hiding).
 19021 | Orc:2    | 19021 ||| Stepping ~*~*~tactically~*~*~ (hiding).
 19022 | Orc:2    | 19022 ||| Stepping ~*~*~tactically~*~*~ (hiding).
 19023 | Orc:2    | 19023 ||| Stepping ~*~*~tactically~*~*~ (hiding).
 19104 | Orc:2    | 19104 ||| Stepping ~*~*~tactically~*~*~ (stealth).
 19204 | Orc:2    | 19204 ||| Stepping ~*~*~tactically~*~*~ (stealth).
 19206 | Orc:2    | 19206 ||| Stepping ~*~*~tactically~*~*~ (stealth).
 19220 | Orc:2    | 19220 ||| Stepping ~*~*~tactically~*~*~ (hiding).
 19221 | Orc:2    | 19221 ||| Stepping ~*~*~tactically~*~*~ (stealth).
 19222 | Orc:2    | 19222 ||| Stepping ~*~*~tactically~*~*~ (stealth).
 19237 | Orc:2    | 19237 ||| Stepping ~*~*~tactically~*~*~ (hiding).
 19239 | Orc:2    | 19239 ||| Stepping ~*~*~tactically~*~*~ (hiding).
 19253 | Orc:2    | 19253 ||| INVOKING Heroism.
 19276 | Orc:2    | 19276 ||| INVOKING Finesse.
 19279 | Orc:2    | HP: 25/101 [sun demon[an orc high priest] (15)]
 19279 | Orc:2    | HP: 12/101 [sun demon[an orc high priest] (13)]
 19280 | Orc:2    | 19280 ||| READING 3 scrolls of teleportation.
 19281 | Orc:2    | 19281 ||| DRINKING potion of heal wounds.
 19314 | Orc:2    | 19314 ||| Stepping ~*~*~tactically~*~*~ (hiding).
 19318 | Orc:2    | 19318 ||| INVOKING Heroism.
 19375 | Orc:2    | 19375 ||| Stepping ~*~*~tactically~*~*~ (hiding).
 19398 | Orc:2    | 19398 ||| INVOKING Heroism.
 19400 | Orc:2    | 19400 ||| Stepping ~*~*~tactically~*~*~ (hiding).
 19402 | Orc:2    | 19402 ||| Stepping ~*~*~tactically~*~*~ (hiding).
 19436 | Orc:2    | HP: 14/101 [orc priest/divine providence (13)]
 19437 | Orc:2    | 19437 ||| READING 2 scrolls of teleportation.
 19443 | Orc:2    | 19443 ||| READING scroll of teleportation.
 19499 | Orc:2    | 19499 ||| INVOKING Heroism.
 19552 | Orc:2    | 19552 ||| INVOKING Heroism.
 19610 | Orc:2    | 19610 ||| INVOKING Heroism.
 19635 | Orc:2    | 19635 ||| INVOKING Heroism.
 19702 | Orc:2    | Found Pooll's Antique Armour Shop.
 19703 | Orc:2    | Found Sica Zeni's Antique Weapon Boutique.
 19705 | Orc:2    | Found Sups's General Store.
 19705 | Orc:2    | Found Beucon's Book Shop.
 19710 | Orc:2    | 19710 ||| SHOPLISTING crude ice dragon scales (2015 gold,
                  | have 322).
 19710 | Orc:2    | 19710 ||| BUYING runed scarf (248 gold).
 19710 | Orc:2    | Bought a runed scarf for 248 gold pieces
 19721 | Orc:2    | 19721 ||| BUYING potion of might (56 gold).
 19721 | Orc:2    | Bought a potion of might for 56 gold pieces
 19730 | Orc:2    | 19730 ||| Stepping ~*~*~tactically~*~*~ (stealth).
 19732 | Orc:2    | 19732 ||| Stepping ~*~*~tactically~*~*~ (stealth).
 19816 | Orc:2    | 19816 ||| PLANNING SWAMP:1-3
 19816 | Orc:2    | 19816 ||| DROPPING scarf of shadows.
 19817 | Orc:2    | 19817 ||| DROPPING ring of poison resistance.
 19929 | Swamp:1  | Entered Level 1 of the Swamp
 19930 | Swamp:1  | 19930 ||| Stepping ~*~*~tactically~*~*~ (hiding).
 19946 | Swamp:1  | 19946 ||| INVOKING Heroism.
 20064 | Swamp:1  | 20064 ||| INVOKING Heroism.
 20184 | Swamp:1  | 20184 ||| Stepping ~*~*~tactically~*~*~ (cloud).
 20185 | Swamp:1  | 20185 ||| INVOKING Heroism.
 20195 | Swamp:1  | Received a gift from Okawaru
 20196 | Swamp:1  | Reached XP level 17. HP: 61/106 MP: 22/24
 20400 | Swamp:1  | Received a gift from Okawaru
 20406 | Swamp:1  | 20406 ||| Stepping ~*~*~tactically~*~*~ (hiding).
 20489 | Swamp:1  | 20489 ||| UPGRADING to amulet of the acrobat.
 20494 | Swamp:1  | 20494 ||| DROPPING ring of wizardry.
 20543 | Swamp:2  | Found an iron altar of Okawaru.
 20570 | Swamp:2  | 20570 ||| INVOKING Heroism.
 20619 | Swamp:2  | Reached skill level 15 in Shields
 20674 | Swamp:2  | 20674 ||| Stepping ~*~*~tactically~*~*~ (cloud).
 20675 | Swamp:2  | Noticed Jorgrun
 20678 | Swamp:2  | 20678 ||| INVOKING Heroism.
 20693 | Swamp:2  | HP: 22/106 [alligator (6)]
 20694 | Swamp:2  | 20694 ||| READING scroll of teleportation.
 20694 | Swamp:2  | Killed Jorgrun
 20694 | Swamp:2  | HP: 9/106 [swamp worm (14)]
 21066 | Swamp:3  | 21066 ||| Stepping ~*~*~tactically~*~*~ (hiding).
 21071 | Swamp:3  | 21071 ||| INVOKING Heroism.
 21076 | Swamp:3  | 21076 ||| SWAPPING to +3 war axe of flaming.
 21081 | Swamp:3  | 21081 ||| SWAPPING to +3 broad axe of venom.
 21118 | Swamp:3  | 21118 ||| INVOKING Heroism.
 21176 | Swamp:3  | 21176 ||| INVOKING Heroism.
 21182 | Swamp:3  | 21182 ||| SWAPPING to +3 war axe of flaming.
 21191 | Swamp:3  | 21191 ||| SWAPPING to +3 broad axe of venom.
 21219 | Swamp:3  | Received a gift from Okawaru
 21524 | Swamp:3  | 21524 ||| PLANNING SNAKE:1-3
 21524 | Swamp:3  | 21524 ||| DROPPING +0 cloak of preservation.
 21628 | Snake:1  | Entered Level 1 of the Snake Pit
 21682 | Snake:1  | 21682 ||| Stepping ~*~*~tactically~*~*~ (hiding).
 21685 | Snake:1  | 21685 ||| Stepping ~*~*~tactically~*~*~ (hiding).
 21851 | Snake:1  | 21851 ||| Stepping ~*~*~tactically~*~*~ (hiding).
 21857 | Snake:1  | 21857 ||| INVOKING Heroism.
 21928 | Snake:1  | 21928 ||| INVOKING Heroism.
 21930 | Snake:1  | 21930 ||| Stepping ~*~*~tactically~*~*~ (hiding).
 21931 | Snake:1  | 21931 ||| Stepping ~*~*~tactically~*~*~ (hiding).
 21934 | Snake:1  | 21934 ||| Stepping ~*~*~tactically~*~*~ (hiding).
 21982 | Snake:1  | 21982 ||| READING scroll of enchant weapon.
 21982 | Snake:1  | 21982 ||| ENCHANTING +3 broad axe of venom.
 22184 | Snake:1  | 22184 ||| INVOKING Heroism.
 22443 | Snake:2  | 22443 ||| INVOKING Heroism.
 22488 | Snake:2  | Found Laov's Weapon Shoppe.
 22503 | Snake:2  | Found Xuuschoninu's Weapon Shoppe.
 22597 | Snake:2  | 22597 ||| Stepping ~*~*~tactically~*~*~ (hiding).
 22663 | Snake:2  | 22663 ||| Stepping ~*~*~tactically~*~*~ (hiding).
 22696 | Snake:2  | 22696 ||| READING scroll of enchant weapon.
 22696 | Snake:2  | 22696 ||| ENCHANTING +4 broad axe of venom.
 23185 | Snake:2  | 23185 ||| Stepping ~*~*~tactically~*~*~ (hiding).
 23321 | Snake:3  | 23321 ||| Stepping ~*~*~tactically~*~*~ (hiding).
 23350 | Snake:3  | 23350 ||| INVOKING Heroism.
 23367 | Snake:3  | 23367 ||| Stepping ~*~*~tactically~*~*~ (hiding).
 23586 | Snake:3  | 23586 ||| Stepping ~*~*~tactically~*~*~ (hiding).
 23588 | Snake:3  | 23588 ||| Stepping ~*~*~tactically~*~*~ (hiding).
 23589 | Snake:3  | 23589 ||| Stepping ~*~*~tactically~*~*~ (hiding).
 23591 | Snake:3  | 23591 ||| Stepping ~*~*~tactically~*~*~ (hiding).
 23710 | Snake:3  | 23710 ||| Stepping ~*~*~tactically~*~*~ (stealth).
 23711 | Snake:3  | 23711 ||| Stepping ~*~*~tactically~*~*~ (stealth).
 23762 | Snake:3  | Found a burning altar of Makhleb.
 23983 | Snake:3  | 23983 ||| PLANNING SWAMP:4
 23983 | Snake:3  | 23983 ||| UPGRADING to +6 ring of strength.
 23985 | Snake:3  | 23985 ||| DROPPING ring of positive energy.
 23986 | Snake:3  | 23986 ||| UPGRADING to ring of see invisible.
 24087 | Swamp:4  | Entered Level 4 of the Swamp
 24118 | Swamp:4  | 24118 ||| READING scroll of enchant weapon.
 24118 | Swamp:4  | 24118 ||| ENCHANTING +5 broad axe of venom.
 24125 | Swamp:4  | 24125 ||| Stepping ~*~*~tactically~*~*~ (hiding).
 24130 | Swamp:4  | 24130 ||| Stepping ~*~*~tactically~*~*~ (stealth).
 24144 | Swamp:4  | 24144 ||| Stepping ~*~*~tactically~*~*~ (hiding).
 24145 | Swamp:4  | 24145 ||| Stepping ~*~*~tactically~*~*~ (stealth).
 24149 | Swamp:4  | 24149 ||| Stepping ~*~*~tactically~*~*~ (hiding).
 24151 | Swamp:4  | 24151 ||| INVOKING Heroism.
 24153 | Swamp:4  | Received a gift from Okawaru
 24159 | Swamp:4  | 24159 ||| SWAPPING to +3 war axe of flaming.
 24162 | Swamp:4  | 24162 ||| SWAPPING to +6 broad axe of venom.
 24167 | Swamp:4  | 24167 ||| SWAPPING to +3 war axe of flaming.
 24171 | Swamp:4  | 24171 ||| SWAPPING to +6 broad axe of venom.
 24173 | Swamp:4  | 24173 ||| SWAPPING to +3 war axe of flaming.
 24182 | Swamp:4  | 24182 ||| SWAPPING to +6 broad axe of venom.
 24186 | Swamp:4  | 24186 ||| SWAPPING to +3 war axe of flaming.
 24188 | Swamp:4  | 24188 ||| SWAPPING to +6 broad axe of venom.
 24191 | Swamp:4  | Received a gift from Okawaru
 24192 | Swamp:4  | 24192 ||| SWAPPING to +3 war axe of flaming.
 24200 | Swamp:4  | Reached XP level 18. HP: 41/114 MP: 25/25
 24200 | Swamp:4  | 24200 ||| SWAPPING to +6 broad axe of venom.
 24207 | Swamp:4  | 24207 ||| INVOKING Heroism.
 24210 | Swamp:4  | HP: 27/114 [ghoul (6)]
 24210 | Swamp:4  | HP: 13/114 [alligator (14)]
 24211 | Swamp:4  | 24211 ||| DRINKING potion of heal wounds.
 24226 | Swamp:4  | HP: 18/114 [vampire knight/+0 glaive (21)]
 24227 | Swamp:4  | HP: 8/114 [will-o-the-wisp/foxfire (11)]
 24230 | Swamp:4  | Killed from afar by a will-o-the-wisp

Levels and vault maps discovered:
D:1:      minmay_arrival_four_circles, layout_basic,
          hellmonk_ecumenical_altar_prayer_group
D:2:      layout_loops_cross, basic_altar, hangedman_glass_teeth,
          grunt_ministairs_13, uniq_jessica
D:3:      layout_basic, ashenzari_conservatory_becter
D:4:      layout_loops_ring, mainiacjoe_overflow_brackets,
          mainiacjoe_overflow_six_doors_small, minmay_temple_entry_statues,
          serial_undead, serial_undead_e, serial_undead_a, serial_undead_e,
          serial_undead_c, serial_undead_f, serial_undead_d, serial_undead_e,
          serial_undead_a, uniq_menkaure, uniq_natasha, uniq_pargi
D:5:      layout_basic, mainiacjoe_overflow_boulevard, amcnicky_altar_gilded
D:6:      layout_cave_pools, overflow_temple_1_default
D:7:      layout_cave_pools, old_standard_altar, fedhas_altar_4,
          hangedman_decor_push
D:8:      layout_loops_cross, mainiacjoe_overflow_concentric_impassable,
          uniq_psyche
D:9:      layout_small_grid, lemuel_tele_altar, introduction_to_nature_2
D:10:     minmay_razor_zed, layout_cross, lair_entry_dummy,
          minmay_orc_entry_guard_dogs, serial_shops, shop, minmay_quadrilaterals
D:11:     layout_basic, gammafunk_ghost_split, trog_antimagical
D:12:     layout_cave_pools, portal_ice_cave_entry_ice_simulacra,
          chequers_decorated_corner, nicolae_transmutations_shop, tso_altar
D:13:     layout_roguey, lightli_vaults_fourway_checkpoint, serial_glass,
          glass_columns_a, glass_columns_a, glass_columns_a, glass_columns_a,
          glass_columns_a, glass_columns_c, item_on_display_b,
          due_unseen_surprise, enter_trove_1
D:14:     layout_basic, nicolae_elevator_lobby_asterisk,
          minmay_misc_feat_enclosed, uniq_louise
D:15:     grunt_enter_depths_snipers, layout_basic, nicolae_uskayaw_suspiria,
          serial_shops, nicolae_shop_peninsula
Temple:   hc_temple_tempest_star
Lair:1:   layout_chaotic_city, grunt_megastairs_4
Lair:2:   layout_regular_city, minmay_swamp_entry_reptiles,
          nicolae_snake_entry_squirm, pdpol_lair_cabin_in_the_woods
Lair:3:   layout_hall_layers, nicolae_lair_grove_arrangements,
          hibernation_bobbens, uniq_snorg, uniq_gastronok
Lair:4:   layout_cave_shapes, slime_entry_1
Lair:5:   cheibrodos_lair_end_hotspot, layout_regular_city,
          grunt_forest_large_clearings, serial_bayou_shore_b
Swamp:1:  layout_basic_swamp, serial_swamp_ruin, evilmike_swamp_ruin_house_1,
          evilmike_swamp_ruin_rubble_1, evilmike_swamp_ruin_house_4
Swamp:2:  layout_basic_swamp, lemuel_altar_in_water, uniq_jorgrun
Swamp:3:  layout_basic_swamp, evilmike_swamp_ruin_wall
Swamp:4:  byrel_swamp_growth_death_and_undeath, layout_basic_swamp, swamp_pool4,
          nicolae_swamp_soggy_hallways, infiniplex_staircase_pool
Snake:1:  layout_misc_corridors, nicolae_snake_gridmaze_zigzag, eino_curves_04
Snake:2:  layout_layer_cave, minmay_shop_star
Snake:3:  layout_misc_corridors, basic_altar, grunt_ministairs_15
Orc:1:    layout_diamond_mine
Orc:2:    st_orc_congregation, layout_caves, serial_shops,
          nicolae_shop_hallway_plus

Skill      XL: |  1  2  3  4  5  6  7  8  9 10 11 12 13 14 15 16 17 |
---------------+----------------------------------------------------+-----
Axes           | 2 3 4 5 6 7 8 10 11 12 13 14 16 17 | 17.2
Fighting       | 4 5 6 7 8 10 11 12 13 | 13.0
Dodging        | 1 2 3 |  3.6
Throwing       | 1 4 6 7 |  7.0
Armour         | 4 5 6 7 10 11 12 | 12.1
Shields        | 4 5 6 7 10 14 17 | 17.4
Invocations    | 2 4 8 10 | 10.1

Action                     |  1- 3 |  4- 6 |  7- 9 | 10-12 | 13-15 | 16-18 || total
---------------------------+-------+-------+-------+-------+-------+-------++-------
  Melee: War axe           |    98 |    93 |   164 |     4 |    41 |    40 ||   440
         Kick              |       |    18 |    52 |    66 |       |       ||   136
         Headbutt          |       |    13 |    47 |   107 |   240 |   202 ||   609
         Broad axe         |       |       |    48 |   473 |   796 |   855 ||  2172
         Unarmed           |       |       |     2 |       |       |       ||     2
  Throw: Boomerang         |       |       |    64 |   103 |    24 |    69 ||   260
         Javelin           |       |       |       |       |    57 |    36 ||    93
 Invoke: Heroism           |       |       |     3 |    25 |    28 |    26 ||    82
         Finesse           |       |       |       |     1 |     8 |     3 ||    12
    Use: Scroll            |     3 |     2 |    10 |    10 |    12 |     8 ||    45
         Potion            |       |     2 |     3 |       |     6 |     2 ||    13
 Armour: Scale mail        |    68 |    63 |    52 |       |       |       ||   183
         Chain mail        |       |       |    59 |   281 |       |       ||   340
         Plate armour      |       |       |       |    77 |   566 |   522 ||  1165
  Dodge: Dodged            |    54 |    40 |    82 |   261 |   266 |   223 ||   926
  Block: Buckler           |    16 |    27 |    40 |   167 |   215 |       ||   465
         Tower shield      |       |       |       |       |       |   793 ||   793

Table legend:
 A = Non-vault XP
 B = Vault XP
 C = Vault XP percentage of total XP
 D = Non-vault monster count
 E = Vault monster count
 F = Vault count percentage of total count
                 A         B        C        D         E       F
            +---------+---------+-------+---------+---------+-------
      Total |  150027 |   55762 |  27.1 |     566 |     210 |  27.1
            +---------+---------+-------+---------+---------+-------
        D:1 |      53 |       7 |  11.7 |      27 |       4 |  12.9
        D:2 |      11 |      40 |  78.4 |       7 |       3 |  30.0
        D:3 |      17 |       0 |   0.0 |      11 |       0 |   0.0
        D:4 |     360 |     787 |  68.6 |      10 |      18 |  64.3
        D:5 |    1291 |       0 |   0.0 |      20 |       0 |   0.0
        D:6 |     634 |       0 |   0.0 |      17 |       0 |   0.0
        D:7 |     276 |       0 |   0.0 |       9 |       0 |   0.0
        D:8 |     822 |     391 |  32.2 |      17 |       1 |   5.6
        D:9 |    3240 |     840 |  20.6 |      42 |      12 |  22.2
       D:10 |    2485 |    3405 |  57.8 |      19 |      14 |  42.4
       D:11 |    4533 |     323 |   6.7 |      17 |       3 |  15.0
       D:12 |    4510 |     307 |   6.4 |      16 |       8 |  33.3
       D:13 |    7332 |    6424 |  46.7 |      23 |      10 |  30.3
       D:14 |    5912 |    1242 |  17.4 |      10 |       1 |   9.1
       D:15 |    9578 |    2876 |  23.1 |      21 |       3 |  12.5
     Lair:1 |    6589 |    1505 |  18.6 |      30 |       7 |  18.9
     Lair:2 |    8456 |    2657 |  23.9 |      27 |      10 |  27.0
     Lair:3 |    4141 |    2502 |  37.7 |      23 |       2 |   8.0
     Lair:4 |    9520 |       0 |   0.0 |      20 |       0 |   0.0
     Lair:5 |   15760 |    6277 |  28.5 |      40 |      24 |  37.5
    Swamp:1 |    9121 |       0 |   0.0 |      19 |       0 |   0.0
    Swamp:2 |    8275 |    1822 |  18.0 |      17 |       1 |   5.6
    Swamp:3 |    8705 |       0 |   0.0 |      18 |       0 |   0.0
    Swamp:4 |    5585 |   13331 |  70.5 |       9 |      22 |  71.0
    Snake:1 |    9617 |       0 |   0.0 |      22 |       0 |   0.0
    Snake:2 |    8172 |       0 |   0.0 |      16 |       0 |   0.0
    Snake:3 |   11201 |     612 |   5.2 |      20 |       2 |   9.1
      Orc:1 |    3050 |       0 |   0.0 |      23 |       0 |   0.0
      Orc:2 |     781 |   10414 |  93.0 |      16 |      65 |  80.2
            +---------+---------+-------+---------+---------+-------
